WCHLSIM.com - West Coast Hockey League
html PUBLIC "-//W3C//DTD XHTML 1.0 Transitional//EN" "http://www.w3.org/TR/xhtml1/DTD/xhtml1-transitional.dtd"> WCHL - Game 77 - CALGARY FIREMEN vs TEXAS TOROS

CALGARY FIREMEN vs TEXAS TOROS

Created - 13 octobre 2019 at 11:27

Goals
1 2 3 T
CALGARY FIREMEN 1 0 3 4
TEXAS TOROS 0 0 0 0
Shots
1 2 3 T
CALGARY FIREMEN 14 15 16 45
TEXAS TOROS 7 4 6 17

1st period

1. CALGARY FIREMEN , Viktor Arvidsson 2 (Ryan Johansen 8, Filip Forsberg 4) at 14:44

Penalties :
Justin Abdelkader (TEX) for High sticking (Minor) at 0:10, Filip Forsberg (CGY) for Tripping (Minor) at 0:10, Tyson Barrie (TEX) for Holding (Minor) at 3:08, Ian Cole (CGY) for Holding (Minor) at 12:06, Daniel Girardi (CGY) for Hooking (Minor) at 15:12, Dmitry Kulikov (TEX) for Diving (Minor) at 19:41

2nd period

No Goal

Penalties :
No Penalty

3rd period

2. CALGARY FIREMEN , Ryan Johansen 3 (Filip Forsberg 5, Viktor Arvidsson 6) at 1:10
3. CALGARY FIREMEN , Viktor Arvidsson 3 (Filip Forsberg 6, Ryan Johansen 9) at 13:55 (PP)
4. CALGARY FIREMEN , Viktor Arvidsson 4 (Filip Forsberg 7, Ryan Johansen 10) at 17:05

Penalties :
Erik Johnson (TEX) for Hooking (Minor) at 9:02, Tyson Barrie (TEX) for Slashing (Double Minor) at 13:47, Erik Gustafsson (TEX) for High sticking (Minor) at 18:27

Goalie Stats

Devan Dubnyk (CGY), 17 saves from 17 shots - (1,000), W, 4-1-1, 60:00 minutes
Cory Schneider (TEX), 41 saves from 45 shots - (0,911), L, 1-3-0, 60:00 minutes

Players Stats for CALGARY FIREMEN

Player Name              G  A  P  +/- PIM S  H  SB GA TA FO     MP     PP MP  PK MP  
------------------------------------------------------------------------------------
Adam Henrique            0  0  0   0  0   3  2  1  0  0  13/27  19:02   4:33   0:00 
Alex Tuch                0  0  0   0  0   7  0  0  0  0  0/2    19:54   4:33   0:00 
Andy Greene              0  0  0   1  0   1  0  0  0  0  0/0    20:30   0:00   1:58 
Austin Watson            0  0  0   0  0   2  0  0  0  0  2/6     4:40   0:00   1:51 
Brent Seabrook           0  0  0   1  0   0  1  0  0  0  0/0    20:28   0:00   1:56 
Charlie Coyle            0  0  0   0  0   3  0  0  0  0  3/3    14:06   0:00   2:07 
Colton Sceviour          0  0  0   0  0   1  0  0  0  0  0/1     2:49   0:00   0:00 
Daniel Girardi           0  0  0   2  2   1  3  0  0  0  0/0    21:56   5:07   1:02 
Filip Forsberg           0  4  4   3  2   3  1  0  0  0  0/1    21:16   5:03   0:00 
Ian Cole                 0  0  0   2  2   1  3  2  0  0  0/0    21:54   5:07   1:00 
Jonathon Merrill         0  0  0   0  0   1  0  0  0  0  0/0    18:35   4:29   2:00 
Luke Glendening          0  0  0   0  0   0  0  0  0  0  9/15   13:05   0:00   2:07 
Marcus Johansson         0  0  0   0  0   2  1  0  0  0  0/2    19:02   4:33   0:00 
Marcus Sorensen          0  0  0   0  0   2  0  0  0  0  0/0     4:40   0:00   1:51 
Niklas Kronwall          0  0  0   0  0   0  1  0  0  0  0/0    16:35   4:29   0:00 
Oskar Lindblom           0  0  0   0  0   2  0  0  0  0  0/0    10:55   0:00   0:00 
Ryan Johansen            1  3  4   3  0   6  1  0  0  0  22/30  22:24   5:03   0:00 
Viktor Arvidsson         3  1  4   3  0   10 0  0  0  0  0/3    22:09   5:03   0:00 

Players Stats for TEXAS TOROS

Player Name              G  A  P  +/- PIM S  H  SB GA TA FO     MP     PP MP  PK MP  
------------------------------------------------------------------------------------
Alexander Wennberg       0  0  0  -1  0   1  0  0  0  0  5/12   16:17   0:00   3:05 
Brock McGinn             0  0  0   0  0   0  0  0  0  0  1/1    17:00   2:18   0:00 
David Savard             0  0  0  -2  0   1  4  0  0  0  0/0    22:46   1:37   4:09 
Derek Stepan             0  0  0   0  0   4  0  0  0  0  23/42  27:11   2:18   6:31 
Dmitry Kulikov           0  0  0  -1  2   0  0  0  0  0  0/0    15:50   0:00   3:52 
Erik Gustafsson          0  0  0  -2  2   2  3  2  0  0  0/0    22:18   1:37   3:42 
Erik Johnson             0  0  0   0  2   0  4  3  0  0  0/0    24:22   2:21   4:35 
Jack Roslovic            0  0  0   0  0   0  1  0  0  0  1/1     3:12   0:00   0:00 
Jake Virtanen            0  0  0  -2  0   1  2  0  0  0  0/0    15:53   1:40   0:00 
Johan Larsson            0  0  0  -1  0   0  1  0  0  0  0/0    13:12   0:00   0:00 
Justin Abdelkader        0  0  0   0  2   0  0  0  0  0  5/9    20:04   2:18   3:05 
Madison Bowey            0  0  0   0  0   0  0  0  0  0  0/0     0:00   0:00   0:00 
Nick Cousins             0  0  0  -2  0   0  2  0  0  0  0/1    15:53   1:40   0:00 
Nick Schmaltz            0  0  0  -2  0   2  0  0  0  0  5/20   23:31   1:40   6:31 
Patrik Nemeth            0  0  0  -1  0   0  2  2  0  0  0/0    11:59   0:00   0:00 
Riley Nash               0  0  0   0  0   1  1  0  0  0  1/4     3:12   0:00   0:00 
Sven Baertschi           0  0  0  -1  0   3  0  0  0  0  0/0    12:59   0:00   0:00 
Tyson Barrie             0  0  0   0  6   2  3  2  0  0  0/0    22:40   2:21   2:54 

3 Stars

1 - Viktor Arvidsson (CGY)
2 - Ryan Johansen (CGY)
3 - Filip Forsberg (CGY)

Power Play

CALGARY FIREMEN - 1 on 6 Attempt(s) - 16,67%
TEXAS TOROS - 0 on 2 Attempt(s) - 0,00%

Penalty Kill

CALGARY FIREMEN - 2 on 2 Attempt(s) - 100,00% - Score 0 goal in Penalty Kill
TEXAS TOROS - 5 on 6 Attempt(s) - 83,33% - Score 0 goal in Penalty Kill

Team Stat

CALGARY FIREMEN - Hits : 13 - Faceoff Wins : 49 - Blocked Shots : 3 - Penalty Minutes : 6
TEXAS TOROS - Hits : 23 - Faceoff Wins : 41 - Blocked Shots : 9 - Penalty Minutes : 14

Official

Referees : Ryan Hersey and Kyle Rehman
Linesman : Kevin Hastings and Alexander Ledovskiy

Game Notes

Viktor Arvidsson has scored a Hat Trick!

Finance

Level 1 -- Attendance: 6433 (98,97%) -- Ticket Income 656 166 $
Level 2 -- Attendance: 5187 (94,31%) -- Ticket Income 337 155 $
Level 3 -- Attendance: 2295 (76,50%) -- Ticket Income 84 915 $
Level 4 -- Attendance: 5000 (100,00%) -- Ticket Income 125 000 $
Luxury Box -- Attendance: 927 (92,70%) -- Ticket Income 194 670 $
Game was played at the Red Bull Arena.
Total Attendance: 19842 (94,49%)
Total Ticket Income: 1 397 906 $
Other Income: 419 372 $
Total Income: 1 817 278 $

CALGARY FIREMEN

5 vs 5 Forward 
   Center                   Left Wing                Right Wing               Time % Phy DF OF 
 1 Ryan Johansen            Filip Forsberg           Viktor Arvidsson         34     0   1  4  
 2 Adam Henrique            Marcus Johansson         Alex Tuch                31     1   1  3  
 3 Luke Glendening          Oskar Lindblom           Charlie Coyle            25     1   2  2  
 4 Austin Watson            Marcus Sorensen          Colton Sceviour          10     0   3  2  

5 vs 5 Defense 
   Defense                  Defense                                           Time % Phy DF OF 
 1 Andy Greene              Brent Seabrook                                    34     1   2  2  
 2 Ian Cole                 Daniel Girardi                                    31     1   2  2  
 3 Niklas Kronwall          Jonathon Merrill                                  25     1   2  2  
 4 Andy Greene              Brent Seabrook                                    10     1   2  2  

PowerPlay Forward 
   Center                   Left Wing                Right Wing               Time % Phy DF OF 
 1 Ryan Johansen            Filip Forsberg           Viktor Arvidsson         50     0   0  5  
 2 Adam Henrique            Marcus Johansson         Alex Tuch                50     0   0  5  

PowerPlay Defense
   Defense                  Defense                                           Time % Phy DF OF 
 1 Niklas Kronwall          Jonathon Merrill                                  50     0   0  5  
 2 Ian Cole                 Daniel Girardi                                    50     0   0  5  

Penalty Kill 4 Players Forward 
   Center                   Wing                     Time % Phy DF OF 
 1 Luke Glendening          Charlie Coyle            50     1   3  1  
 2 Austin Watson            Marcus Sorensen          50     1   3  1  

Penalty Kill 4 Players Defense
   Defense                  Defense                  Time % Phy DF OF 
 1 Andy Greene              Brent Seabrook           50     1   4  0  
 2 Ian Cole                 Daniel Girardi           50     1   4  0  

Penalty Kill - 3 Players Forward 
   Forward                                           Time % Phy DF OF 
 1 Luke Glendening                                   50     0   5  0  
 2 Charlie Coyle                                     50     0   5  0  

Penalty Kill - 3 Players Defense
   Defense                  Defense                  Time % Phy DF OF 
 1 Andy Greene              Brent Seabrook           50     0   5  0  
 2 Ian Cole                 Daniel Girardi           50     0   5  0  

4 vs 4 Forward 
   Center                   Wing                     Time % Phy DF OF 
 1 Ryan Johansen            Filip Forsberg           55     1   2  2  
 2 Viktor Arvidsson         Alex Tuch                45     1   2  2  

4 vs 4 Defense
   Defense                  Defense                  Time % Phy DF OF 
 1 Andy Greene              Brent Seabrook           55     1   2  2  
 2 Ian Cole                 Daniel Girardi           45     1   2  2  

Last Minutes Offensive
   Center                   Left Wing                Right Wing               Defense                  Defense                  
   Ryan Johansen            Filip Forsberg           Viktor Arvidsson         Andy Greene              Brent Seabrook           

Last Minutes Defensive
   Center                   Left Wing                Right Wing               Defense                  Defense                  
   Ryan Johansen            Filip Forsberg           Viktor Arvidsson         Andy Greene              Brent Seabrook           

Goaltenders
Starting : Devan Dubnyk             
Backup : Keith Kinkaid            

Extra Forwards
Normal : Charlie Coyle, Luke Glendening, Oskar Lindblom - PP : Charlie Coyle, Luke Glendening - PK : Oskar Lindblom
Extra Defensemen
Normal : Niklas Kronwall, Jonathon Merrill, Ian Cole - PP : Niklas Kronwall - PK : Jonathon Merrill, Ian Cole
Penalty Shots
Ryan Johansen, Filip Forsberg, Viktor Arvidsson, Alex Tuch, Adam Henrique
Custom OT Lines Forwards
Ryan Johansen, Filip Forsberg, Viktor Arvidsson, Alex Tuch, Adam Henrique, Charlie Coyle, Luke Glendening, Marcus Johansson, Oskar Lindblom, Austin Watson
Custom OT Lines Defensemen
Andy Greene, Brent Seabrook, Ian Cole, Daniel Girardi, Niklas Kronwall

Scratches
Fredrik Olofsson (Healthy), Jeff Kubiak (Healthy), Kyle Bauman (Healthy), Ross Johnston (Healthy), Shane Hanna (Healthy)

TEXAS TOROS

5 vs 5 Forward 
   Center                   Left Wing                Right Wing               Time % Phy DF OF 
 1 Derek Stepan             Justin Abdelkader        Brock McGinn             36     1   2  2  
 2 Nick Schmaltz            Nick Cousins             Jake Virtanen            31     1   2  2  
 3 Alexander Wennberg       Johan Larsson            Sven Baertschi           23     1   2  2  
 4 Riley Nash               Derek Stepan             Jack Roslovic            10     1   2  2  

5 vs 5 Defense 
   Defense                  Defense                                           Time % Phy DF OF 
 1 Erik Johnson             Tyson Barrie                                      36     1   2  2  
 2 Erik Gustafsson          David Savard                                      31     1   2  2  
 3 Patrik Nemeth            Dmitry Kulikov                                    23     1   2  2  
 4 Erik Johnson             Tyson Barrie                                      10     1   2  2  

PowerPlay Forward 
   Center                   Left Wing                Right Wing               Time % Phy DF OF 
 1 Derek Stepan             Justin Abdelkader        Brock McGinn             55     1   2  2  
 2 Nick Schmaltz            Nick Cousins             Jake Virtanen            45     1   2  2  

PowerPlay Defense
   Defense                  Defense                                           Time % Phy DF OF 
 1 Erik Johnson             Tyson Barrie                                      55     1   2  2  
 2 Erik Gustafsson          David Savard                                      45     1   2  2  

Penalty Kill 4 Players Forward 
   Center                   Wing                     Time % Phy DF OF 
 1 Derek Stepan             Nick Schmaltz            55     1   2  2  
 2 Justin Abdelkader        Alexander Wennberg       45     1   2  2  

Penalty Kill 4 Players Defense
   Defense                  Defense                  Time % Phy DF OF 
 1 Erik Johnson             Tyson Barrie             55     1   2  2  
 2 Erik Gustafsson          David Savard             45     1   2  2  

Penalty Kill - 3 Players Forward 
   Forward                                           Time % Phy DF OF 
 1 Derek Stepan                                      55     1   2  2  
 2 Nick Schmaltz                                     45     1   2  2  

Penalty Kill - 3 Players Defense
   Defense                  Defense                  Time % Phy DF OF 
 1 Erik Johnson             Tyson Barrie             55     1   2  2  
 2 Erik Gustafsson          David Savard             45     1   2  2  

4 vs 4 Forward 
   Center                   Wing                     Time % Phy DF OF 
 1 Derek Stepan             Nick Schmaltz            55     1   2  2  
 2 Justin Abdelkader        Alexander Wennberg       45     1   2  2  

4 vs 4 Defense
   Defense                  Defense                  Time % Phy DF OF 
 1 Erik Johnson             Tyson Barrie             55     1   2  2  
 2 Erik Gustafsson          David Savard             45     1   2  2  

Last Minutes Offensive
   Center                   Left Wing                Right Wing               Defense                  Defense                  
   Derek Stepan             Justin Abdelkader        Brock McGinn             Erik Johnson             Tyson Barrie             

Last Minutes Defensive
   Center                   Left Wing                Right Wing               Defense                  Defense                  
   Derek Stepan             Justin Abdelkader        Brock McGinn             Erik Johnson             Tyson Barrie             

Goaltenders
Starting : Cory Schneider           
Backup : Anders Nilsson           

Extra Forwards
Normal : Johan Larsson, Sven Baertschi, Riley Nash - PP : Johan Larsson, Sven Baertschi - PK : Riley Nash
Extra Defensemen
Normal : Patrik Nemeth, Dmitry Kulikov, Erik Gustafsson - PP : Patrik Nemeth - PK : Dmitry Kulikov, Erik Gustafsson
Penalty Shots
Derek Stepan, Nick Schmaltz, Justin Abdelkader, Alexander Wennberg, Brock McGinn
Custom OT Lines Forwards
Derek Stepan, Nick Schmaltz, Justin Abdelkader, Alexander Wennberg, Brock McGinn, Jake Virtanen, Nick Cousins, Johan Larsson, Sven Baertschi, Riley Nash
Custom OT Lines Defensemen
Erik Johnson, Tyson Barrie, Erik Gustafsson, David Savard, Patrik Nemeth

Scratches
Sergei Boikov (Healthy), Christoffer Ehn (Healthy), Connor Bunnaman (Healthy), Johnathan Kovacevic (Healthy), Marian Studenic (Healthy)
Ryan Sproul (Healthy), Ryan Olsen (Healthy)

% Time on Ice - CALGARY FIREMEN

Lines # - Real PCT - Wanted PCT - Time Play
Normal Forward
1 - 37% - 34% - 16:14
2 - 33% - 31% - 14:29
3 - 25% - 25% - 10:55
4 - 6% - 10% - 2:49
Normal Defense
1 - 35% - 34% - 15:30
2 - 34% - 31% - 14:56
3 - 27% - 25% - 12:06
4 - 4% - 10% - 1:55
PP Forward
1 - 53% - 50% - 5:03
2 - 47% - 50% - 4:33
PP Defense
1 - 47% - 50% - 4:29
2 - 53% - 50% - 5:07
PK Forward
1 - 53% - 50% - 2:07
2 - 47% - 50% - 1:51
PK Defense
1 - 49% - 50% - 1:56
2 - 51% - 50% - 2:02
PK3 Forward
1 - 0% - 50%
2 - 0% - 50%
PK3 Defense
1 - 0% - 50%
2 - 0% - 50%
44 Forward
1 - 56% - 55% - 1:07
2 - 44% - 45% - 0:52
44 Defense
1 - 56% - 55% - 1:07
2 - 44% - 45% - 0:52
Last Minute Offensive  - 0:00
Last Minute Defensive  - 0:00
Total
Forward - 60:00
Defense - 60:00

% Time on Ice - TEXAS TOROS

Lines # - Real PCT - Wanted PCT - Time Play
Normal Forward
1 - 33% - 36% - 14:42
2 - 32% - 31% - 14:13
3 - 28% - 23% - 12:20
4 - 7% - 10% - 3:12
Normal Defense
1 - 34% - 36% - 15:03
2 - 36% - 31% - 16:08
3 - 27% - 23% - 11:59
4 - 3% - 10% - 1:17
PP Forward
1 - 58% - 55% - 2:18
2 - 42% - 45% - 1:40
PP Defense
1 - 59% - 55% - 2:21
2 - 41% - 45% - 1:37
PK Forward
1 - 68% - 55% - 6:31
2 - 32% - 45% - 3:05
PK Defense
1 - 59% - 55% - 5:39
2 - 41% - 45% - 3:57
PK3 Forward
1 - 0% - 55%
2 - 0% - 45%
PK3 Defense
1 - 0% - 55%
2 - 0% - 45%
44 Forward
1 - 56% - 55% - 1:07
2 - 44% - 45% - 0:52
44 Defense
1 - 56% - 55% - 1:07
2 - 44% - 45% - 0:52
Last Minute Offensive  - 0:00
Last Minute Defensive  - 0:00
Total
Forward - 60:00
Defense - 60:00

Play-by-Play

1st period


0:01 of 1st period - Justin Abdelkader wins face-off versus Ryan Johansen in neutral zone.
0:10 of 1st period - Minor Penalty to Justin Abdelkader for High sticking.
0:10 of 1st period - Minor Penalty to Filip Forsberg for Tripping.
0:11 of 1st period - Charlie Coyle wins face-off versus Derek Stepan in neutral zone.
1:44 of 1st period - Shot by Viktor Arvidsson.
1:44 of 1st period - Shot Misses the Net.
2:05 of 1st period - Icing by Derek Stepan.
2:06 of 1st period - Ryan Johansen wins face-off versus Derek Stepan in TEXAS TOROS zone.
2:19 of 1st period - Shot by Marcus Sorensen.
2:19 of 1st period - Deflect By Austin Watson.
2:19 of 1st period - Stopped by Cory Schneider without a rebound.
2:20 of 1st period - Luke Glendening wins face-off versus Derek Stepan in TEXAS TOROS zone.
2:40 of 1st period - Derek Stepan is hit by Niklas Kronwall and loses puck.
3:08 of 1st period - Minor Penalty to Tyson Barrie for Holding.
3:09 of 1st period - Ryan Johansen wins face-off versus Derek Stepan in TEXAS TOROS zone.
3:30 of 1st period - Shot by Ryan Johansen.
3:30 of 1st period - Stopped by Cory Schneider without a rebound.
3:31 of 1st period - Justin Abdelkader wins face-off versus Adam Henrique in TEXAS TOROS zone.
3:48 of 1st period - Shot by Adam Henrique.
3:48 of 1st period - Stopped by Cory Schneider without a rebound.
3:49 of 1st period - Ryan Johansen wins face-off versus Derek Stepan in TEXAS TOROS zone.
4:06 of 1st period - Shot by Viktor Arvidsson.
4:06 of 1st period - Stopped by Cory Schneider without a rebound.
4:07 of 1st period - Adam Henrique wins face-off versus Justin Abdelkader in TEXAS TOROS zone.
4:24 of 1st period - Shot by Alex Tuch.
4:24 of 1st period - Stopped by Cory Schneider with a rebound.
4:32 of 1st period - Shot by Adam Henrique.
4:32 of 1st period - Shot Misses the Net.
4:46 of 1st period - Shot by Marcus Johansson.
4:46 of 1st period - Stopped by Cory Schneider without a rebound.
4:47 of 1st period - Ryan Johansen wins face-off versus Derek Stepan in TEXAS TOROS zone.
5:10 of 1st period - Shot by Viktor Arvidsson.
5:10 of 1st period - Shot Blocked by Tyson Barrie.
6:31 of 1st period - Alexander Wennberg is hit by Ian Cole and loses puck.
6:45 of 1st period - Icing by Daniel Girardi.
6:46 of 1st period - Adam Henrique wins face-off versus Derek Stepan in CALGARY FIREMEN zone.
7:11 of 1st period - Shot by Viktor Arvidsson.
7:11 of 1st period - Stopped by Cory Schneider without a rebound.
7:12 of 1st period - Austin Watson wins face-off versus Nick Schmaltz in TEXAS TOROS zone.
7:12 of 1st period - Brent Seabrook is hit by Tyson Barrie and loses puck.
7:21 of 1st period - Shot by Marcus Sorensen.
7:21 of 1st period - Stopped by Cory Schneider without a rebound.
7:22 of 1st period - Ryan Johansen wins face-off versus Riley Nash in TEXAS TOROS zone.
8:06 of 1st period - Viktor Arvidsson is hit by Riley Nash and loses puck.
8:34 of 1st period - Jake Virtanen is hit by Ian Cole and loses puck.
8:38 of 1st period - Icing by Daniel Girardi.
8:39 of 1st period - Alexander Wennberg wins face-off versus Alex Tuch in CALGARY FIREMEN zone.
8:40 of 1st period - Shot by Sven Baertschi.
8:40 of 1st period - Stopped by Devan Dubnyk without a rebound.
8:41 of 1st period - Alexander Wennberg wins face-off versus Adam Henrique in CALGARY FIREMEN zone.
8:42 of 1st period - Shot by Johan Larsson.
8:42 of 1st period - Shot Misses the Net.
8:44 of 1st period - Shot by Patrik Nemeth.
8:44 of 1st period - Shot Misses the Net.
8:46 of 1st period - Shot by Johan Larsson.
8:46 of 1st period - Shot Misses the Net.
9:16 of 1st period - Shot by Alexander Wennberg.
9:16 of 1st period - Shot Misses the Net.
9:18 of 1st period - Shot by Johan Larsson.
9:18 of 1st period - Shot Misses the Net.
10:07 of 1st period - Icing by Niklas Kronwall.
10:08 of 1st period - Luke Glendening wins face-off versus Nick Schmaltz in CALGARY FIREMEN zone.
10:08 of 1st period - Luke Glendening is hit by Nick Cousins.
10:21 of 1st period - Luke Glendening is hit by Erik Johnson and loses puck.
11:10 of 1st period - Shot by Viktor Arvidsson.
11:10 of 1st period - Shot Misses the Net.
11:12 of 1st period - Shot by Filip Forsberg.
11:12 of 1st period - Stopped by Cory Schneider without a rebound.
11:13 of 1st period - Adam Henrique wins face-off versus Riley Nash in TEXAS TOROS zone.
11:16 of 1st period - Shot by Alex Tuch.
11:16 of 1st period - Stopped by Cory Schneider without a rebound.
11:17 of 1st period - Adam Henrique wins face-off versus Derek Stepan in TEXAS TOROS zone.
11:17 of 1st period - Adam Henrique is hit by Erik Gustafsson.
11:19 of 1st period - Shot by Alex Tuch.
11:19 of 1st period - Stopped by Cory Schneider without a rebound.
11:20 of 1st period - Derek Stepan wins face-off versus Marcus Johansson in TEXAS TOROS zone.
11:36 of 1st period - Shot by Derek Stepan.
11:36 of 1st period - Shot Misses the Net.
12:06 of 1st period - Minor Penalty to Ian Cole for Holding.
12:07 of 1st period - Luke Glendening wins face-off versus Nick Schmaltz in CALGARY FIREMEN zone.
13:21 of 1st period - Shot by Brock McGinn.
13:21 of 1st period - Deflect By Derek Stepan.
13:21 of 1st period - Stopped by Devan Dubnyk without a rebound.
13:22 of 1st period - Derek Stepan wins face-off versus Austin Watson in CALGARY FIREMEN zone.
13:23 of 1st period - Shot by Erik Gustafsson.
13:23 of 1st period - Stopped by Devan Dubnyk without a rebound.
13:24 of 1st period - Derek Stepan wins face-off versus Austin Watson in CALGARY FIREMEN zone.
14:23 of 1st period - Shot by Viktor Arvidsson.
14:23 of 1st period - Shot Misses the Net.
14:44 of 1st period - Shot by Viktor Arvidsson.
14:44 of 1st period - Goal by Viktor Arvidsson - CALGARY FIREMEN : 1 - TEXAS TOROS : 0.
14:45 of 1st period - Adam Henrique wins face-off versus Nick Schmaltz in neutral zone.
14:58 of 1st period - Shot by Adam Henrique.
14:58 of 1st period - Stopped by Cory Schneider without a rebound.
14:59 of 1st period - Jack Roslovic wins face-off versus Colton Sceviour in TEXAS TOROS zone.
15:07 of 1st period - Erik Gustafsson is hit by Ian Cole and loses puck.
15:12 of 1st period - Shot by Derek Stepan.
15:12 of 1st period - Deflect By Riley Nash.
15:12 of 1st period - Stopped by Devan Dubnyk without a rebound.
15:12 of 1st period - Minor Penalty to Daniel Girardi for Hooking.
15:13 of 1st period - Justin Abdelkader wins face-off versus Luke Glendening in CALGARY FIREMEN zone.
15:32 of 1st period - Shot by Tyson Barrie.
15:32 of 1st period - Stopped by Devan Dubnyk without a rebound.
15:33 of 1st period - Luke Glendening wins face-off versus Nick Schmaltz in CALGARY FIREMEN zone.
15:33 of 1st period - Luke Glendening is hit by Jake Virtanen.
16:05 of 1st period - Shot by Jake Virtanen.
16:05 of 1st period - Stopped by Devan Dubnyk without a rebound.
16:06 of 1st period - Derek Stepan wins face-off versus Austin Watson in CALGARY FIREMEN zone.
17:49 of 1st period - Shot by Alexander Wennberg.
17:49 of 1st period - Stopped by Devan Dubnyk without a rebound.
17:50 of 1st period - Nick Schmaltz wins face-off versus Alex Tuch in CALGARY FIREMEN zone.
18:17 of 1st period - Nick Schmaltz is hit by Marcus Johansson and loses puck.
18:26 of 1st period - Shot by Adam Henrique.
18:26 of 1st period - Deflect By Alex Tuch.
18:26 of 1st period - Stopped by Cory Schneider without a rebound.
18:27 of 1st period - Riley Nash wins face-off versus Viktor Arvidsson in TEXAS TOROS zone.
18:38 of 1st period - Shot by Tyson Barrie.
18:38 of 1st period - Shot Misses the Net.
19:41 of 1st period - Minor Penalty to Dmitry Kulikov for Diving.
19:42 of 1st period - Derek Stepan wins face-off versus Adam Henrique in TEXAS TOROS zone.
Goals for this period are 1 for CALGARY FIREMEN vs 0 for TEXAS TOROS.
Shots for this period are 14 for CALGARY FIREMEN vs 7 for TEXAS TOROS.

2nd period


0:01 of 2nd period - Derek Stepan wins face-off versus Ryan Johansen in neutral zone.
0:13 of 2nd period - Shot by Derek Stepan.
0:13 of 2nd period - Stopped by Devan Dubnyk without a rebound.
0:14 of 2nd period - Adam Henrique wins face-off versus Derek Stepan in CALGARY FIREMEN zone.
0:23 of 2nd period - Shot by Alex Tuch.
0:23 of 2nd period - Shot Misses the Net.
0:25 of 2nd period - Shot by Daniel Girardi.
0:25 of 2nd period - Shot Misses the Net.
0:27 of 2nd period - Shot by Daniel Girardi.
0:27 of 2nd period - Stopped by Cory Schneider without a rebound.
0:28 of 2nd period - Ryan Johansen wins face-off versus Derek Stepan in TEXAS TOROS zone.
0:43 of 2nd period - Shot by Viktor Arvidsson.
0:43 of 2nd period - Deflect By Ryan Johansen.
0:43 of 2nd period - Stopped by Cory Schneider without a rebound.
0:44 of 2nd period - Derek Stepan wins face-off versus Adam Henrique in TEXAS TOROS zone.
1:03 of 2nd period - Shot by Alex Tuch.
1:03 of 2nd period - Stopped by Cory Schneider without a rebound.
1:04 of 2nd period - Derek Stepan wins face-off versus Ryan Johansen in TEXAS TOROS zone.
1:43 of 2nd period - Shot by Ryan Johansen.
1:43 of 2nd period - Stopped by Cory Schneider without a rebound.
1:44 of 2nd period - Adam Henrique wins face-off versus Alexander Wennberg in TEXAS TOROS zone.
2:48 of 2nd period - Shot by Viktor Arvidsson.
2:48 of 2nd period - Stopped by Cory Schneider without a rebound.
2:49 of 2nd period - Derek Stepan wins face-off versus Luke Glendening in TEXAS TOROS zone.
2:51 of 2nd period - Icing by Brock McGinn.
2:52 of 2nd period - Derek Stepan wins face-off versus Ryan Johansen in TEXAS TOROS zone.
3:06 of 2nd period - Erik Johnson is hit by Daniel Girardi and loses puck.
3:10 of 2nd period - Icing by Ian Cole.
3:11 of 2nd period - Ryan Johansen wins face-off versus Nick Schmaltz in CALGARY FIREMEN zone.
3:16 of 2nd period - Dmitry Kulikov is hit by Filip Forsberg and loses puck.
3:38 of 2nd period - Nick Schmaltz is hit by Daniel Girardi and loses puck.
4:53 of 2nd period - Charlie Coyle is hit by Erik Johnson and loses puck.
5:16 of 2nd period - Icing by Erik Gustafsson.
5:17 of 2nd period - Adam Henrique wins face-off versus Alexander Wennberg in TEXAS TOROS zone.
5:23 of 2nd period - Icing by David Savard.
5:24 of 2nd period - Alexander Wennberg wins face-off versus Adam Henrique in TEXAS TOROS zone.
5:54 of 2nd period - Shot by Adam Henrique.
5:54 of 2nd period - Shot Misses the Net.
6:43 of 2nd period - Shot by Viktor Arvidsson.
6:43 of 2nd period - Stopped by Cory Schneider without a rebound.
6:44 of 2nd period - Nick Schmaltz wins face-off versus Austin Watson in TEXAS TOROS zone.
7:05 of 2nd period - Shot by Nick Schmaltz.
7:05 of 2nd period - Stopped by Devan Dubnyk without a rebound.
7:06 of 2nd period - Derek Stepan wins face-off versus Luke Glendening in CALGARY FIREMEN zone.
7:06 of 2nd period - Derek Stepan is hit by Daniel Girardi.
7:33 of 2nd period - Shot by Luke Glendening.
7:33 of 2nd period - Shot Misses the Net.
7:35 of 2nd period - Shot by Charlie Coyle.
7:35 of 2nd period - Stopped by Cory Schneider without a rebound.
7:36 of 2nd period - Adam Henrique wins face-off versus Nick Schmaltz in TEXAS TOROS zone.
7:37 of 2nd period - Shot by Alex Tuch.
7:37 of 2nd period - Stopped by Cory Schneider with a rebound.
7:57 of 2nd period - Icing by Erik Gustafsson.
7:58 of 2nd period - Nick Schmaltz wins face-off versus Viktor Arvidsson in TEXAS TOROS zone.
8:19 of 2nd period - Shot by Ryan Johansen.
8:19 of 2nd period - Deflect By Viktor Arvidsson.
8:19 of 2nd period - Shot Misses the Net.
9:25 of 2nd period - Shot by Derek Stepan.
9:25 of 2nd period - Shot Misses the Net.
9:34 of 2nd period - Adam Henrique is hit by Tyson Barrie and loses puck.
10:27 of 2nd period - Icing by Patrik Nemeth.
10:28 of 2nd period - Alexander Wennberg wins face-off versus Luke Glendening in TEXAS TOROS zone.
10:58 of 2nd period - Shot by Nick Schmaltz.
10:58 of 2nd period - Deflect By Nick Cousins.
10:58 of 2nd period - Shot Blocked by Ian Cole.
11:00 of 2nd period - Shot by Erik Gustafsson.
11:00 of 2nd period - Shot Misses the Net.
11:02 of 2nd period - Shot by David Savard.
11:02 of 2nd period - Shot Misses the Net.
11:18 of 2nd period - Shot by Jake Virtanen.
11:18 of 2nd period - Deflect By Nick Schmaltz.
11:18 of 2nd period - Shot Misses the Net.
11:20 of 2nd period - Shot by David Savard.
11:20 of 2nd period - Stopped by Devan Dubnyk without a rebound.
11:21 of 2nd period - Brock McGinn wins face-off versus Filip Forsberg in CALGARY FIREMEN zone.
11:22 of 2nd period - Shot by Derek Stepan.
11:22 of 2nd period - Shot Misses the Net.
11:25 of 2nd period - Icing by Jonathon Merrill.
11:26 of 2nd period - Ryan Johansen wins face-off versus Derek Stepan in CALGARY FIREMEN zone.
12:38 of 2nd period - Shot by Colton Sceviour.
12:38 of 2nd period - Shot Misses the Net.
12:40 of 2nd period - Shot by Andy Greene.
12:40 of 2nd period - Shot Misses the Net.
12:42 of 2nd period - Shot by Andy Greene.
12:42 of 2nd period - Stopped by Cory Schneider without a rebound.
12:43 of 2nd period - Luke Glendening wins face-off versus Alexander Wennberg in TEXAS TOROS zone.
12:43 of 2nd period - Luke Glendening is hit by Patrik Nemeth.
12:54 of 2nd period - Shot by Charlie Coyle.
12:54 of 2nd period - Stopped by Cory Schneider without a rebound.
12:55 of 2nd period - Adam Henrique wins face-off versus Nick Schmaltz in TEXAS TOROS zone.
13:14 of 2nd period - Alex Tuch is hit by Erik Gustafsson and loses puck.
13:18 of 2nd period - Alex Tuch is hit by David Savard.
13:23 of 2nd period - Ian Cole is hit by David Savard and loses puck.
13:57 of 2nd period - Shot by Oskar Lindblom.
13:57 of 2nd period - Shot Blocked by Erik Gustafsson.
14:33 of 2nd period - Derek Stepan is hit by Brent Seabrook and loses puck.
14:36 of 2nd period - Shot by Derek Stepan.
14:36 of 2nd period - Stopped by Devan Dubnyk without a rebound.
14:37 of 2nd period - Ryan Johansen wins face-off versus Alexander Wennberg in CALGARY FIREMEN zone.
15:41 of 2nd period - Shot by Adam Henrique.
15:41 of 2nd period - Shot Misses the Net.
15:43 of 2nd period - Shot by Ian Cole.
15:43 of 2nd period - Stopped by Cory Schneider with a rebound.
15:45 of 2nd period - Shot by Adam Henrique.
15:45 of 2nd period - Shot Misses the Net.
15:47 of 2nd period - Shot by Daniel Girardi.
15:47 of 2nd period - Shot Blocked by Patrik Nemeth.
16:37 of 2nd period - Shot by Colton Sceviour.
16:37 of 2nd period - Stopped by Cory Schneider without a rebound.
16:38 of 2nd period - Luke Glendening wins face-off versus Derek Stepan in TEXAS TOROS zone.
16:43 of 2nd period - Shot by Charlie Coyle.
16:43 of 2nd period - Shot Blocked by Erik Johnson.
17:04 of 2nd period - Off-side.
17:05 of 2nd period - Ryan Johansen wins face-off versus Nick Schmaltz in neutral zone.
17:23 of 2nd period - Viktor Arvidsson is hit by Jake Virtanen and loses puck.
17:36 of 2nd period - Shot by Jake Virtanen.
17:36 of 2nd period - Shot Misses the Net.
18:15 of 2nd period - Shot by Marcus Johansson.
18:15 of 2nd period - Shot Misses the Net.
18:17 of 2nd period - Shot by Alex Tuch.
18:17 of 2nd period - Shot Misses the Net.
18:27 of 2nd period - Alex Tuch is hit by Erik Johnson and loses puck.
18:32 of 2nd period - Shot by Alex Tuch.
18:32 of 2nd period - Shot Misses the Net.
18:34 of 2nd period - Shot by Adam Henrique.
18:34 of 2nd period - Stopped by Cory Schneider without a rebound.
18:35 of 2nd period - Charlie Coyle wins face-off versus Riley Nash in TEXAS TOROS zone.
19:02 of 2nd period - Luke Glendening is hit by Jack Roslovic and loses puck.
19:29 of 2nd period - Shot by Ryan Johansen.
19:29 of 2nd period - Shot Blocked by Erik Gustafsson.
19:33 of 2nd period - Shot by Filip Forsberg.
19:33 of 2nd period - Stopped by Cory Schneider with a rebound.
19:54 of 2nd period - Shot by Viktor Arvidsson.
19:54 of 2nd period - Stopped by Cory Schneider without a rebound.
19:55 of 2nd period - Nick Schmaltz wins face-off versus Adam Henrique in TEXAS TOROS zone.
19:55 of 2nd period - Nick Schmaltz is hit by Adam Henrique.
Goals for this period are 0 for CALGARY FIREMEN vs 0 for TEXAS TOROS.
Shots for this period are 15 for CALGARY FIREMEN vs 4 for TEXAS TOROS.

3rd period


0:01 of 3rd period - Ryan Johansen wins face-off versus Derek Stepan in neutral zone.
0:08 of 3rd period - Shot by Ryan Johansen.
0:08 of 3rd period - Stopped by Cory Schneider without a rebound.
0:09 of 3rd period - Derek Stepan wins face-off versus Adam Henrique in TEXAS TOROS zone.
0:26 of 3rd period - Shot by Adam Henrique.
0:26 of 3rd period - Shot Misses the Net.
0:40 of 3rd period - Shot by Alex Tuch.
0:40 of 3rd period - Stopped by Cory Schneider without a rebound.
0:41 of 3rd period - Ryan Johansen wins face-off versus Nick Schmaltz in TEXAS TOROS zone.
0:41 of 3rd period - Ryan Johansen is hit by David Savard.
1:08 of 3rd period - Shot by Viktor Arvidsson.
1:08 of 3rd period - Deflect By Filip Forsberg.
1:08 of 3rd period - Shot Misses the Net.
1:10 of 3rd period - Shot by Ryan Johansen.
1:10 of 3rd period - Goal by Ryan Johansen - CALGARY FIREMEN : 2 - TEXAS TOROS : 0.
1:11 of 3rd period - Derek Stepan wins face-off versus Adam Henrique in neutral zone.
1:33 of 3rd period - Shot by Alex Tuch.
1:33 of 3rd period - Shot Misses the Net.
1:46 of 3rd period - Icing by Erik Johnson.
1:47 of 3rd period - Derek Stepan wins face-off versus Ryan Johansen in TEXAS TOROS zone.
2:02 of 3rd period - Shot by Filip Forsberg.
2:02 of 3rd period - Shot Misses the Net.
2:09 of 3rd period - Icing by Derek Stepan.
2:10 of 3rd period - Luke Glendening wins face-off versus Justin Abdelkader in TEXAS TOROS zone.
2:17 of 3rd period - Shot by Oskar Lindblom.
2:17 of 3rd period - Stopped by Cory Schneider with a rebound.
2:38 of 3rd period - Icing by Jonathon Merrill.
2:39 of 3rd period - Alexander Wennberg wins face-off versus Luke Glendening in CALGARY FIREMEN zone.
2:56 of 3rd period - Shot by Sven Baertschi.
2:56 of 3rd period - Stopped by Devan Dubnyk without a rebound.
2:57 of 3rd period - Ryan Johansen wins face-off versus Nick Schmaltz in CALGARY FIREMEN zone.
3:54 of 3rd period - Icing by Alex Tuch.
3:55 of 3rd period - Derek Stepan wins face-off versus Adam Henrique in CALGARY FIREMEN zone.
4:00 of 3rd period - Shot by Derek Stepan.
4:00 of 3rd period - Shot Blocked by Ian Cole.
4:26 of 3rd period - Shot by Alex Tuch.
4:26 of 3rd period - Shot Misses the Net.
4:30 of 3rd period - Shot by Alex Tuch.
4:30 of 3rd period - Shot Misses the Net.
5:29 of 3rd period - Icing by Alexander Wennberg.
5:30 of 3rd period - Luke Glendening wins face-off versus Alexander Wennberg in TEXAS TOROS zone.
5:36 of 3rd period - Icing by Alexander Wennberg.
5:37 of 3rd period - Ryan Johansen wins face-off versus Alexander Wennberg in TEXAS TOROS zone.
5:52 of 3rd period - Shot by Viktor Arvidsson.
5:52 of 3rd period - Stopped by Cory Schneider without a rebound.
5:53 of 3rd period - Nick Schmaltz wins face-off versus Luke Glendening in TEXAS TOROS zone.
6:56 of 3rd period - Off-side.
6:57 of 3rd period - Adam Henrique wins face-off versus Justin Abdelkader in neutral zone.
7:23 of 3rd period - Shot by Adam Henrique.
7:23 of 3rd period - Shot Misses the Net.
7:32 of 3rd period - Adam Henrique is hit by David Savard and loses puck.
8:35 of 3rd period - Shot by Sven Baertschi.
8:35 of 3rd period - Stopped by Devan Dubnyk without a rebound.
8:36 of 3rd period - Charlie Coyle wins face-off versus Nick Schmaltz in CALGARY FIREMEN zone.
8:54 of 3rd period - Oskar Lindblom is hit by Erik Johnson and loses puck.
8:58 of 3rd period - Luke Glendening is hit by Tyson Barrie and loses puck.
9:02 of 3rd period - Minor Penalty to Erik Johnson for Hooking.
9:03 of 3rd period - Adam Henrique wins face-off versus Derek Stepan in TEXAS TOROS zone.
10:08 of 3rd period - Icing by Viktor Arvidsson.
10:09 of 3rd period - Ryan Johansen wins face-off versus Justin Abdelkader in CALGARY FIREMEN zone.
10:20 of 3rd period - Shot by Filip Forsberg.
10:20 of 3rd period - Shot Misses the Net.
10:33 of 3rd period - Shot by Nick Schmaltz.
10:33 of 3rd period - Stopped by Devan Dubnyk with a rebound.
10:36 of 3rd period - Icing by Ian Cole.
10:37 of 3rd period - Justin Abdelkader wins face-off versus Ryan Johansen in CALGARY FIREMEN zone.
11:09 of 3rd period - Alex Tuch is hit by Erik Gustafsson and loses puck.
11:24 of 3rd period - Shot by Riley Nash.
11:24 of 3rd period - Shot Blocked by Adam Henrique.
11:28 of 3rd period - Shot by Derek Stepan.
11:28 of 3rd period - Shot Misses the Net.
12:29 of 3rd period - Shot by Charlie Coyle.
12:29 of 3rd period - Stopped by Cory Schneider with a rebound.
12:56 of 3rd period - Shot by Oskar Lindblom.
12:56 of 3rd period - Stopped by Cory Schneider without a rebound.
12:57 of 3rd period - Derek Stepan wins face-off versus Ryan Johansen in TEXAS TOROS zone.
13:07 of 3rd period - Brock McGinn is hit by Ryan Johansen and loses puck.
13:18 of 3rd period - Shot by Ryan Johansen.
13:18 of 3rd period - Stopped by Cory Schneider without a rebound.
13:19 of 3rd period - Austin Watson wins face-off versus Nick Schmaltz in TEXAS TOROS zone.
13:25 of 3rd period - Shot by Austin Watson.
13:25 of 3rd period - Stopped by Cory Schneider with a rebound.
13:27 of 3rd period - Shot by Niklas Kronwall.
13:27 of 3rd period - Shot Blocked by Patrik Nemeth.
13:36 of 3rd period - Austin Watson is hit by Patrik Nemeth.
13:38 of 3rd period - Shot by Marcus Sorensen.
13:38 of 3rd period - Stopped by Cory Schneider without a rebound.
13:39 of 3rd period - Derek Stepan wins face-off versus Viktor Arvidsson in TEXAS TOROS zone.
13:47 of 3rd period - Double Minor Penalty to Tyson Barrie for Slashing.
13:48 of 3rd period - Ryan Johansen wins face-off versus Derek Stepan in TEXAS TOROS zone.
13:51 of 3rd period - Shot by Filip Forsberg.
13:51 of 3rd period - Deflect By Viktor Arvidsson.
13:51 of 3rd period - Shot Misses the Net.
13:53 of 3rd period - Shot by Viktor Arvidsson.
13:53 of 3rd period - Shot Blocked by Erik Johnson.
13:55 of 3rd period - Shot by Viktor Arvidsson.
13:55 of 3rd period - Goal by Viktor Arvidsson - CALGARY FIREMEN : 3 - TEXAS TOROS : 0.
13:56 of 3rd period - Derek Stepan wins face-off versus Adam Henrique in neutral zone.
14:07 of 3rd period - Shot by Alex Tuch.
14:07 of 3rd period - Shot Misses the Net.
14:09 of 3rd period - Shot by Alex Tuch.
14:09 of 3rd period - Deflect By Marcus Johansson.
14:09 of 3rd period - Stopped by Cory Schneider with a rebound.
14:11 of 3rd period - Shot by Jonathon Merrill.
14:11 of 3rd period - Stopped by Cory Schneider without a rebound.
14:12 of 3rd period - Ryan Johansen wins face-off versus Derek Stepan in TEXAS TOROS zone.
14:15 of 3rd period - Shot by Viktor Arvidsson.
14:15 of 3rd period - Stopped by Cory Schneider without a rebound.
14:16 of 3rd period - Derek Stepan wins face-off versus Adam Henrique in TEXAS TOROS zone.
14:16 of 3rd period - Derek Stepan is hit by Adam Henrique.
14:23 of 3rd period - Icing by Adam Henrique.
14:24 of 3rd period - Derek Stepan wins face-off versus Marcus Johansson in CALGARY FIREMEN zone.
14:59 of 3rd period - Shot by Alex Tuch.
14:59 of 3rd period - Shot Misses the Net.
15:01 of 3rd period - Shot by Alex Tuch.
15:01 of 3rd period - Shot Misses the Net.
15:35 of 3rd period - Shot by Viktor Arvidsson.
15:35 of 3rd period - Shot Blocked by Erik Johnson.
15:37 of 3rd period - Shot by Ryan Johansen.
15:37 of 3rd period - Shot Misses the Net.
15:39 of 3rd period - Shot by Filip Forsberg.
15:39 of 3rd period - Stopped by Cory Schneider without a rebound.
15:40 of 3rd period - Justin Abdelkader wins face-off versus Ryan Johansen in TEXAS TOROS zone.
15:58 of 3rd period - Icing by Viktor Arvidsson.
15:59 of 3rd period - Luke Glendening wins face-off versus Alexander Wennberg in CALGARY FIREMEN zone.
16:05 of 3rd period - Andy Greene is hit by Johan Larsson and loses puck.
16:18 of 3rd period - Shot by Erik Gustafsson.
16:18 of 3rd period - Stopped by Devan Dubnyk without a rebound.
16:19 of 3rd period - Ryan Johansen wins face-off versus Derek Stepan in CALGARY FIREMEN zone.
16:38 of 3rd period - Shot by Brock McGinn.
16:38 of 3rd period - Deflect By Derek Stepan.
16:38 of 3rd period - Stopped by Devan Dubnyk without a rebound.
16:39 of 3rd period - Adam Henrique wins face-off versus Nick Schmaltz in CALGARY FIREMEN zone.
16:56 of 3rd period - Shot by Adam Henrique.
16:56 of 3rd period - Shot Misses the Net.
16:59 of 3rd period - Icing by Erik Gustafsson.
17:00 of 3rd period - Ryan Johansen wins face-off versus Nick Cousins in TEXAS TOROS zone.
17:03 of 3rd period - Shot by Viktor Arvidsson.
17:03 of 3rd period - Shot Misses the Net.
17:05 of 3rd period - Shot by Viktor Arvidsson.
17:05 of 3rd period - Goal by Viktor Arvidsson - CALGARY FIREMEN : 4 - TEXAS TOROS : 0.
17:06 of 3rd period - Ryan Johansen wins face-off versus Derek Stepan in neutral zone.
17:09 of 3rd period - Shot by Viktor Arvidsson.
17:09 of 3rd period - Shot Blocked by Tyson Barrie.
17:57 of 3rd period - Icing by Ian Cole.
17:58 of 3rd period - Ryan Johansen wins face-off versus Nick Schmaltz in CALGARY FIREMEN zone.
17:58 of 3rd period - Ryan Johansen is hit by Nick Cousins.
18:27 of 3rd period - Minor Penalty to Erik Gustafsson for High sticking.
18:28 of 3rd period - Derek Stepan wins face-off versus Adam Henrique in TEXAS TOROS zone.
18:44 of 3rd period - Off-side.
18:45 of 3rd period - Derek Stepan wins face-off versus Adam Henrique in neutral zone.
19:02 of 3rd period - Icing by Alex Tuch.
19:03 of 3rd period - Derek Stepan wins face-off versus Adam Henrique in CALGARY FIREMEN zone.
19:04 of 3rd period - Shot by Tyson Barrie.
19:04 of 3rd period - Stopped by Devan Dubnyk without a rebound.
19:05 of 3rd period - Ryan Johansen wins face-off versus Derek Stepan in CALGARY FIREMEN zone.
Goals for this period are 3 for CALGARY FIREMEN vs 0 for TEXAS TOROS.
Shots for this period are 16 for CALGARY FIREMEN vs 6 for TEXAS TOROS.


NATHAN
MACKINNON
PHILLIP
DANAULT
CONNOR
MCDAVID

EAST COAST

HOCKEY LEAGUE

  • 25.QUE4CHI5
  • 26.CHA2LIM3
  • 27.TRV2LON3
  • 28.CHW4BAL2
  • 29.PITMAN
  • 30.ATLNHW
  • 31.WORPET
  • 32.RHI